 Dungeon Sprint DCSS version 0.28.0-53-g5a82cb258f (webtiles) character file.

Game seed: 14906251698269434176

6751 Zeld the Severer (level 10, -2/112 HPs)
             Began as a Minotaur Berserker on June 7, 2022.
             Was the Champion of Trog.
             Hit by a silver javelin thrown by a merfolk javelineer (3 damage)
             ... in the Dungeon (Sprint VII: "The Pits").
             The game lasted 00:03:04 (3304 turns).

Zeld the Severer (Minotaur Berserker)               Turns: 3304, Time: 00:03:04

Health: -2/112     AC: 19    Str: 26    XL:     10   Next: 75%
Magic:  9/9        EV: 11    Int:  4    God:    Trog [******]
Gold:   0          SH:  0    Dex: 10    Spells: 9/9 levels left

rFire   . . .      SeeInvis .   a - +6 battleaxe (flame)
rCold   . . .      Faith    .   (shield currently unavailable)
rNeg    . . .      Spirit   .   b - +2 plate armour
rPois   .          Reflect  .   (helmet restricted)
rElec   .          Harm     .   (no cloak)
rCorr   .          Rampage  .   n - +0 pair of gloves
Will    .....      NoTele   +   (no boots)
Stlth   ..........              (no amulet)
HPRegen 0.28/turn               (no ring)
MPRegen 0.11/turn               (no ring)

@: lethally poisoned (-2 -> -36)
A: horns 2, retaliatory headbutt
a: Renounce Religion, Berserk, Trog's Hand, Brothers in Arms


You were in the Dungeon.
You worshipped Trog.
Trog was exalted by your worship.
You visited 1 branch

Inventory:

Hand Weapons
 a - a +6 battleaxe of flaming (weapon)
 k - a +5 executioner's axe of flaming
Armour
 b - a +2 plate armour (worn)
 n - a +0 pair of gloves (worn)
Potions
 c - 11 potions of curing
 d - 7 potions of heal wounds
 e - a potion of haste
 f - 4 potions of magic
 g - 5 potions of berserk rage
 i - 2 potions of invisibility
 m - a potion of mutation {unknown}
 o - a potion of brilliance


   Skills:
 * Level 18.1 Fighting
 * Level 18.1 Axes
 + Level 13.0 Armour
 + Level 12.0 Dodging


You had 9 spell levels left.
You didn't know any spells.
Your spell library was empty.

Dungeon Overview and Level Annotations

Branches:
Dungeon (1/1)

Altars:
Ashenzari
Cheibriados
Dithmenos
Elyvilon
Fedhas
Gozag
Hepliaklqana
Kikubaaqudgha
Makhleb
Nemelex Xobeh
Okawaru
Qazlal
Ru
Sif Muna
Trog
Uskayaw
Vehumet
Wu Jian
Xom
Yredelemnul
Zin
The Shining One
Beogh
Jiyva
Lugonu


Innate Abilities, Weirdness & Mutations

You have a pair of horns on your head.
You reflexively headbutt those who attack you in melee.


Message History

You close the door, pushing everything out of the way.
Things that are here:
a +0 club; a +4 antimagic quick blade You start resting.
A merfolk opens the door.
It is wielding a +0 trident.
There are monsters nearby!
There are monsters nearby!
Okay, then.
Unknown command.
Unknown command.
Okay, then.
Okay, then.
Okay, then.
As you read the scroll of summoning, it crumbles to dust.
Wisps of shadow whirl around you...
The shadows disperse without effect.
The merfolk throws a boomerang.
The boomerang hits you but does no damage.
Unknown command.
Unknown command.
Your cyclops goes berserk!
Unknown command.
The merfolk javelineer throws a silver javelin.
The silver javelin pierces through you!!
* * * LOW HITPOINT WARNING * * *
x2 Your cyclops misses the merfolk javelineer.
Unknown command.
Unknown command.
Okay, then.
You feel much better. The emperor scorpion stings you.
The emperor scorpion closely misses you.
The emperor scorpion claws you but does no damage.
The emperor scorpion stings you!!
* * * LOW HITPOINT WARNING * * *
You are lethally poisoned!
The emperor scorpion poisons you!
The emperor scorpion claws you but does no damage. x2
The merfolk javelineer throws a silver javelin.
The silver javelin pierces through you!!
* * * LOW HITPOINT WARNING * * *
You die...

..<...##..##..##.##.....#.
......##..##.##...##...##
......##..####.....##.##
......##.).##))....#...# #
########...)().....'...+ e+
########...##).....#...# ..#
.#...[##..####.....##.## #s#
.#..[[##..##.##.s.##...###mm#
.').)=##..##..##@##.....#§m.#
.#..))##..###..#'#m.....m.m#
.#..))##..# ##..Cm..###...##
########### ######## #####


You could see an emperor scorpion, a merfolk javelineer (ally target) and a
friendly cyclops (summoned, berserk).

Vanquished Creatures
  Harold (D)
  A flayed ghost (D)
  2 deep elf zephyrmancers (D)
  A cyclops (D)
  A molten gargoyle (D)
  A gargoyle (D)
  A rime drake (D)
  A hellwing (D)
  2 kobold demonologists (D)
  A tarantella (D)
  4 blink frogs (D)
  A flying skull (D)
  A small abomination (D)
  A shadow (D)
  A wraith (D)
  A fire bat (D)
  A redback (D)
  A floating eye (D)
  An ice beast (D)
  An ogre (D)
  3 wolves (D)
  2 kobold brigands (D)
  A scorpion (D)
  A crimson imp (D)
  2 quasits (D)
  A gnoll shaman (D)
  Jessica (D)
  6 gnolls (D)
  A white imp (D)
  An adder skeleton (D)
  A worm (D)
  4 orcs (D)
  2 bat skeletons (D)
  An endoplasm (D)
  A goblin (D)
  A hobgoblin (D)
  4 kobolds (D)
  A ball python skeleton (D)
  A rat (D)
60 creatures vanquished.

Notes
Turn   | Place    | Note
-------+----------+-------------------------------------------
     0 | D        | Zeld the Minotaur Berserker began the quest for the Orb.
     0 | D        | Reached XP level 1. HP: 19/19 MP: 0/0
    37 | D        | Found a bloodstained altar of Trog.
    37 | D        | Found a shimmering blue altar of Sif Muna.
    37 | D        | Found a viscous altar of Jiyva.
    37 | D        | Found a hazy altar of Hepliaklqana.
    37 | D        | Found an opulent altar of Gozag.
    38 | D        | Found a glowing golden altar of the Shining One.
    38 | D        | Found a glowing silver altar of Zin.
    38 | D        | Found a basalt altar of Yredelemnul.
    38 | D        | Found a shimmering altar of Xom.
    38 | D        | Found an ornate altar of the Wu Jian Council.
    38 | D        | Found a sacrificial altar of Ru.
    38 | D        | Found a stormy altar of Qazlal.
    38 | D        | Found an iron altar of Okawaru.
    38 | D        | Found a sparkling altar of Nemelex Xobeh.
    38 | D        | Found a burning altar of Makhleb.
    38 | D        | Found a blossoming altar of Fedhas.
    38 | D        | Found a white marble altar of Elyvilon.
    38 | D        | Found a shadowy altar of Dithmenos.
    38 | D        | Found a snail-covered altar of Cheibriados.
    39 | D        | Found a radiant altar of Vehumet.
    39 | D        | Found a corrupted altar of Lugonu.
    40 | D        | Found a hide-covered altar of Uskayaw.
    40 | D        | Found an ancient bone altar of Kikubaaqudgha.
    40 | D        | Found a broken altar of Ashenzari.
   255 | D        | Reached ** piety under Trog
   270 | D        | Reached skill level 5 in Fighting
   270 | D        | Reached skill level 5 in Axes
   270 | D        | Reached XP level 2. HP: 29/29 MP: 1/1
   447 | D        | Noticed a scorpion
   448 | D        | Reached *** piety under Trog
   453 | D        | Killed a scorpion
   454 | D        | Reached XP level 3. HP: 35/38 MP: 2/2
   454 | D        | Reached XP level 4. HP: 41/45 MP: 3/3
   868 | D        | Noticed a fire bat
   868 | D        | Noticed a flying skull
   877 | D        | Noticed a floating eye
   880 | D        | Killed a fire bat
   881 | D        | Reached skill level 5 in Dodging
   881 | D        | Reached XP level 5. HP: 42/56 MP: 4/4
   882 | D        | Paralysed by a floating eye for 4 turns
   891 | D        | Killed a flying skull
   891 | D        | Reached **** piety under Trog
   892 | D        | Reached skill level 10 in Fighting
   892 | D        | Reached skill level 10 in Axes
   892 | D        | Reached XP level 6. HP: 42/67 MP: 5/5
   897 | D        | Killed a floating eye
   898 | D        | Reached XP level 7. HP: 32/74 MP: 6/6
   903 | D        | Reached ***** piety under Trog
  1287 | D        | Noticed a molten gargoyle
  1292 | D        | Killed a molten gargoyle
  1418 | D        | Noticed Jessica
  1418 | D        | Noticed a blink frog
  1418 | D        | Noticed a blink frog
  1418 | D        | Noticed a blink frog
  1418 | D        | Noticed a blink frog
  1418 | D        | Noticed a flayed ghost
  1421 | D        | Killed Jessica
  1422 | D        | Killed a blink frog
  1423 | D        | Reached XP level 8. HP: 81/85 MP: 7/7
  1426 | D        | Killed a blink frog
  1428 | D        | Killed a flayed ghost
  1429 | D        | Reached skill level 10 in Armour
  1433 | D        | Killed a blink frog
  1435 | D        | Killed a blink frog
  1435 | D        | Received a gift from Trog
  1436 | D        | Reached XP level 9. HP: 77/96 MP: 8/8
  1868 | D        | Noticed a deep elf zephyrmancer
  1873 | D        | Reached ****** piety under Trog
  1878 | D        | Reached skill level 15 in Axes
  1880 | D        | Received a gift from Trog
  1881 | D        | Reached skill level 15 in Fighting
  1891 | D        | Killed a deep elf zephyrmancer
  1892 | D        | Reached skill level 10 in Dodging
  2176 | D        | Noticed Harold
  2176 | D        | Noticed a rime drake
  2176 | D        | Noticed a kobold demonologist
  2176 | D        | Noticed a kobold demonologist
  2181 | D        | Received a gift from Trog
  2183 | D        | Noticed a sun demon
  2183 | D        | Killed Harold
  2184 | D        | Killed a kobold demonologist
  2185 | D        | Reached XP level 10. HP: 108/108 MP: 9/9
  2186 | D        | Received a gift from Trog
  2500 | D        | Noticed a deep elf zephyrmancer
  2515 | D        | Received a gift from Trog
  2520 | D        | Killed a deep elf zephyrmancer
  2886 | D        | Noticed a cyclops
  2887 | D        | Noticed a gargoyle
  2891 | D        | Killed a gargoyle
  2896 | D        | Killed a cyclops
  2896 | D        | Received a gift from Trog
  3285 | D        | Noticed a merfolk javelineer
  3286 | D        | Noticed a deep elf pyromancer
  3288 | D        | Noticed an emperor scorpion
  3304 | D        | HP: 1/112 [merfolk javelineer/silver javelin (18)]
  3304 | D        | Hit by a silver javelin thrown by a merfolk javelineer

Illustrated notes

Levels and vault maps discovered:
D:        pitsprint [storerooms_1, entrance_room_1, metal_vault_3, armoury_3,
          mini_pit_1, grid_room_1, main_hall_1, silver_pit, the_coven_1,
          the_vestibule_1, steel_vault_1, golden_pit, hallway_of_sentries,
          crystal_vault_4, iron_vault_1, final_vault]

Skill      XL: |  1  2  3  4  5  6  7  8  9 10 |
---------------+-------------------------------+-----
Fighting       | 5 6 8 10 11 12 14 16 18 | 18.1
Axes           | 5 6 9 10 11 12 14 16 18 | 18.1
Armour         | 3 4 6 7 9 10 11 13 | 13.0
Dodging        | 3 4 5 6 7 8 9 10 12 | 12.0

Action                   |  1- 3 |  4- 6 |  7- 9 | 10-12 || total
-------------------------+-------+-------+-------+-------++-------
Melee: Hand axe          |    20 |    17 |    33 |       ||    70
       Headbutt          |     1 |     2 |     7 |     2 ||    12
       Broad axe         |       |       |    20 |    11 ||    31
       Battleaxe         |       |       |       |    26 ||    26
Invok: Berserk           |     1 |     1 |     4 |       ||     6
       Trog's Hand       |       |       |     1 |       ||     1
       Brothers in Arms  |       |       |       |     1 ||     1
  Use: Scroll            |       |       |       |     2 ||     2
       Potion            |       |       |       |     1 ||     1
Armor: Animal skin       |     4 |       |       |       ||     4
       Plate armour      |       |    19 |    25 |    16 ||    60
Dodge: Dodged            |    20 |     6 |    21 |    25 ||    72
